[Event "1st FIDE Olympiad DIS 2023"]
[Site "Belgrade"]
[Date "2023.02.04"]
[Round "6.2"]
[White "Syed Ejaz Husain"]
[Black "Moldovanovic, Dragan"]
[Result "1-0"]
[ECO "A07"]
[WhiteElo "1952"]
[BlackElo "2019"]
[Annotator "TA"]
[PlyCount "95"]
[EventDate "2023.01.30"]
[EventType "team-tourn"]
[EventCountry "SRB"]
[SourceTitle "playchess.com"]
[Source "ChessBase"]
[SourceQuality "1"]
[BlackTeam "Serbia"]
[BlackTeamCountry "SRB"]
[TimeControl "40/5400+30:1800+30"]

1. e4 e6 2. d3 d5 3. Nd2 Nf6 4. Ngf3 Be7 5. g3 O-O 6. Bg2 c6 7. O-O Qb6 {[%emt 0:00:46] A07: Réti Opening: New York and Capablanca Systems.} 8. e5 Nfd7 9. Re1 c5 {[%emt 0:00:39] The position is equal.} ({Don't take} 9... f6 10. exf6 Nxf6 11. Nb3 $16) 10. Nf1 Nc6 11. h4 {[%emt 0:01:45] [#]} a5 $146 ({Predecessor:} 11... f6 12. exf6 Nxf6 13. c3 Bd7 14. Ng5 Nd8 15. Bh3 h6 16. Nf3 Nf7 17. Ne3 Rae8 {1-0 Guzman Cruz,J (1974)-Caballero,A (1701) Mexico City Independence Cup 11th 2022 (6)}) 12. N1h2 f6 13. exf6 Nxf6 14. Bh3 Nd8 (14... Bd6 $11) 15. Ne5 $14 Ra6 16. c4 Qc7 17. f4 Nc6 18. Nhf3 g6 19. Ng5 (19. Nxc6 {simplifies} Qxc6 20. Ng5 Qd6 21. Bd2) 19... Nd8 20. Re2 {White is much more active.} Nh5 21. Qe1 Ng7 22. cxd5 Bxg5 23. d6 (23. hxg5 $142 exd5 24. Bg2) 23... Qxd6 {[%emt 0:00:00] Hoping for ...Bf6.} 24. hxg5 b5 (24... Nc6 $16 {might work better.}) 25. Be3 $18 {Black must now prevent Rc1.} Nf7 (25... Nc6 $142 26. Rc1 Nxe5 27. fxe5 Qd7) 26. Rc1 Nxe5 27. fxe5 Qxe5 (27... Qd7 28. Bxc5 Rf7) 28. Bxc5 {[%emt 0:00:00][%mdl 64] [#] Discovered Attack} Qb8 29. Bxf8 Kxf8 30. Qf2+ Kg8 31. Rf1 Qa7 32. Qxa7 Rxa7 33. Rc1 Ra8 (33... Bd7 34. Kf2 Kf8) 34. Rc7 b4 35. Bg2 Rb8 36. Rec2 Ba6 37. Be4 Nf5 38. Bxf5 gxf5 {[%emt 0:02:05][%mdl 4096] Endgame KRR-KRB} 39. Rd7 Bb5 40. Rd6 Kf7 41. Rc7+ {[%emt 0:31:58][%mdl 64] [#] Deflection} Kg6 42. Rxe6+ Kh5 43. Rxh7+ Kg4 44. Kf2 Rc8 45. g6 {[%emt 0:00:00][%cal Bg5g6,Bg6g7][%mdl 32] Threatening mate with g7.} Bxd3 46. g7 f4 47. Rh4+ Kf5 48. Rd6 {[%emt 0:00:00] Weighted Error Value: White=0.33/Black=0.57} ({And not} 48. Rxf4+ Kxe6 49. Rf8 Rc2+ 50. Ke3 Bh7 $11) (48. Rh8 $142 fxg3+ 49. Kxg3 Rxh8 50. gxh8=Q Kxe6 51. Qd4) 1-0

[Event "1st FIDE Olympiad DIS 2023"]
[Site "Belgrade"]
[Date "2023.02.04"]
[Round "6.3"]
[White "Gurbanov, Andrei"]
[Black "Piekielny, Pawel"]
[Result "0-1"]
[ECO "E05"]
[WhiteElo "2275"]
[BlackElo "2230"]
[Annotator "TA"]
[PlyCount "56"]
[EventDate "2023.01.30"]
[EventType "team-tourn"]
[EventCountry "SRB"]
[SourceTitle "playchess.com"]
[Source "ChessBase"]
[SourceQuality "1"]
[WhiteTeam "Israel"]
[BlackTeam "Poland"]
[WhiteTeamCountry "ISR"]
[BlackTeamCountry "POL"]
[TimeControl "40/5400+30:1800+30"]

1. d4 Nf6 2. Nf3 e6 3. g3 d5 4. c4 Be7 5. Bg2 O-O 6. O-O dxc4 7. Na3 Bxa3 8. bxa3 Bd7 9. Qc2 {[%emt 0:01:41][%cal Of3e5] 9.a4 is the modern continuation. E05: Open Catalan: 5 Nf3 Be7.} Bc6 10. Qxc4 Nbd7 11. Bf4 {[%emt 0:03:09] The position is equal.} Rc8 12. Rfc1 {[%emt 0:02:34] [#]} h6 $146 ({Predecessor:} 12... Bd5 13. Qa4 a6 14. Be3 h6 15. h3 Re8 16. Qa5 Be4 17. a4 Nd5 18. Qd2 b6 {½-½ Romanishin,O (2537)-Nasri,A (2283) Istanbul op-A 10th 2011 (6)}) 13. Qb3 Bd5 14. Qb4 b6 15. Qa4 a5 16. Qb5 c6 17. Qb2 Re8 18. a4 c5 19. dxc5 Nxc5 20. Qa3 Qd7 21. Be3 Nfe4 22. Bd4 (22. Ne5 $11 {remains equal.} Qxa4 23. Qxa4 Nxa4 24. Bxe4 Bxe4 25. Nc4) 22... f6 $17 {[%emt 0:07:13] Black has more active pieces.} 23. Rab1 (23. Qe3 $17) 23... Qxa4 (23... Nxa4 $19 {White must now prevent ...b5.} 24. Ne1 Nd2 25. Rxc8 Rxc8) 24. Qe3 (24. Qb2 $17 {keeps fighting.}) 24... Qc6 ({Inferior is} 24... Bxa2 25. Rxb6 Nd7 26. Rb2 $17) (24... Qxa2 $19 {Strongly threatening ...Nb3.} 25. Rb2 Qa4) 25. Ne1 Nd6 ({Much worse is} 25... Bxa2 $6 26. Bxc5 Bxb1 27. Rxb1 $11) 26. Bxd5 exd5 27. Qf3 Nc4 {[%emt 0:01:00] [#] ...Nd2 would be deadly. A dynamic duo of knights.} 28. Nd3 $2 (28. Qh5 $1 $15) 28... Nd2 $1 {[%emt 0:02:01][%csl LRb1,LRf3] Weighted Error Value: White=0.39/Black=0.16 (very precise)} 0-1

[Event "1st FIDE Olympiad DIS 2023"]
[Site "Belgrade"]
[Date "2023.02.04"]
[Round "6.3"]
[White "Johansen, Torbjorn Reidar"]
[Black "Sarkar, Bappi"]
[Result "1-0"]
[ECO "B12"]
[WhiteElo "1764"]
[BlackElo "1778"]
[Annotator "NA RC COMBH"]
[PlyCount "126"]
[EventDate "2023.01.30"]
[EventType "team-tourn"]
[EventCountry "SRB"]
[SourceTitle "playchess.com"]
[Source "ChessBase"]
[SourceQuality "1"]
[WhiteTeam "Norway"]
[BlackTeam "Bangladesh"]
[WhiteTeamCountry "NOR"]
[BlackTeamCountry "BAN"]
[TimeControl "40/5400+30:1800+30"]

1. e4 c6 2. d4 d5 3. e5 Bf5 4. Nf3 e6 5. Bd3 Ne7 6. c3 Nd7 7. Bxf5 Nxf5 8. b3 Qb6 9. Na3 c5 10. O-O Be7 11. Nc2 O-O 12. g4 Nh6 13. Bxh6 gxh6 14. Qd2 Kg7 15. Kh1 Qd8 16. Rg1 Bg5 17. Nxg5 hxg5 18. f4 gxf4 19. g5 cxd4 20. cxd4 Rc8 21. Raf1 Qc7 22. Rg2 Qc3 23. Qxf4 Qd3 24. Ne3 Qe4 25. Qxe4 dxe4 26. Rg4 Rc3 27. Rxe4 Nb6 28. Nc4 Nxc4 29. bxc4 Rxc4 30. Ref4 Rc2 31. d5 exd5 32. e6 Rc7 33. h4 Re7 34. h5 Rxe6 35. Rf5 Rd6 36. Kg2 d4 37. Kg3 d3 38. Kf4 d2 39. Rd1 Re8 40. Re5 Rxe5 41. Kxe5 Rd7 42. Kf5 Rd5+ 43. Kf4 h6 44. gxh6+ Kxh6 45. Ke4 Rd7 46. Ke3 Kxh5 47. Ke2 f5 48. Rh1+ Kg5 49. Kd1 f4 50. Rg1+ Kf5 51. Rg8 a5 52. Rf8+ Ke4 53. Re8+ Kf3 54. a4 Kf2 55. Re4 Kg3 56. Re8 f3 57. Rg8+ Kh2 58. Rh8+ Kg2 59. Rg8+ Kf1 60. Rg5 f2 61. Rxa5 Rg7 62. Rf5 Kg2 63. Ke2 d1=Q+ 1-0

[Event "1st FIDE Olympiad DIS 2023"]
[Site "Belgrade"]
[Date "2023.02.04"]
[Round "6.4"]
[White "Stachanczyk, Jacek"]
[Black "Aleksandrova, Aleksandra"]
[Result "1-0"]
[ECO "B12"]
[WhiteElo "2189"]
[BlackElo "1701"]
[Annotator "TA"]
[PlyCount "83"]
[EventDate "2023.01.30"]
[EventType "team-tourn"]
[EventCountry "SRB"]
[SourceTitle "playchess.com"]
[Source "ChessBase"]
[SourceQuality "1"]
[WhiteTeam "Poland"]
[BlackTeam "Israel"]
[WhiteTeamCountry "POL"]
[BlackTeamCountry "ISR"]
[TimeControl "40/5400+30:1800+30"]

1. e4 d6 2. d4 c6 3. Nc3 Nd7 4. f4 Qc7 5. Nf3 e5 6. Bc4 {[%emt 0:00:25] B12: Caro-Kann: Advance Variation.} Be7 7. fxe5 {[%emt 0:23:10] White is more active.} dxe5 8. dxe5 {[%emt 0:11:32] White is slightly better.} (8. O-O $5 exd4 9. Nxd4 $16) 8... Nxe5 {[%emt 0:12:08] [#]} 9. Nxe5 $146 (9. Bf4 $5 Nd3+ 10. Qxd3 Qxf4 11. Ne2 $14) ({Predecessor:} 9. Bf4 Nd3+ 10. Qxd3 Qxf4 11. O-O Nh6 12. Ne2 Qc7 13. Ned4 O-O 14. c3 Ng4 15. e5 {1-0 Darowicki,M (1942)-Cap,P (1793) Rubinstein Memorial-C 53rd 2017 (4)}) 9... Qxe5 10. Qf3 Nf6 11. Bf4 Qd4 12. Qd3 Qb6 (12... Qxd3 $11 {should be considered.} 13. cxd3 O-O) 13. e5 (13. O-O-O $5 ) 13... Ng4 {[%emt 0:11:39] ...Qf2+ would be deadly.} 14. Rf1 {[%emt 0:01:51][%cal Oc4f7] Repels Qf2+} (14. O-O-O Nf2 15. Qg3 Nxh1 16. Rxh1 (16. Qxg7 Rf8 $11) 16... Bf5 17. Qxg7 Rf8 $15) 14... Bc5 $2 {[%emt 0:04:34] White stays focused until the end.} (14... Qxb2 $2 15. Rb1 $18) (14... O-O $1 $11) 15. h3 Nf2 (15... Qxb2 $2 16. Bxf7+ Kxf7 17. Bc1+ Bf2+ 18. Rxf2+ Nxf2 19. Qf3+ (19. Bxb2 $2 Nxd3+ 20. cxd3 Bf5 $19) 19... Kg8 20. Bxb2 $18) 16. Qd2 $36 {[%emt 0:06:31][%mdl 2048] Hoping for Na4. White is really pushing.} Qxb2 $2 (16... O-O $16) 17. Rb1 $18 Qa3 (17... Ne4) 18. Bg3 $2 (18. Rxf2 $2 Bxf2+ 19. Kxf2 Qc5+ 20. Be3 Qxc4 $19) (18. Nb5 cxb5 19. Bxb5+ Bd7 20. Bxd7+ {[%mdl 64] Discovered Attack} Kf8 21. Rxf2 Bxf2+ 22. Kxf2 Qc5+ 23. Kg3) 18... Bb4 (18... b5 $2 19. Rb3 (19. Bb3 O-O $18) 19... Qa5 20. Bxf7+ (20. Nxb5 Qxd2+ 21. Kxd2 cxb5 $16) 20... Kxf7 21. Bxf2 $18) (18... O-O) 19. Rb3 (19. Kxf2 Bxc3 20. Qd3 (20. Qd6 Qxd6 21. exd6 b5 $11) 20... O-O $11) (19. Bxf7+ $142 Ke7 20. Rxb4 {[%mdl 64] Decoy} (20. Kxf2 Qxc3 21. Qxc3 Bxc3 $18)) 19... Qa5 20. Bxf2 $2 (20. Bxf7+ Kf8 21. Rxf2) 20... O-O 21. Qd4 (21. Bg3 $18 {has better winning chances.}) 21... b5 $2 {[%emt 0:01:35][%mdl 8192] [#]} (21... c5 $16 {was necessary.} 22. Qd2 Be6 23. Bxe6 fxe6) 22. Rxb4 $1 bxc4 23. Ra4 (23. Rxc4 Qc7 24. Ra4 Bf5 $18) (23. Qxc4 Qxe5+ 24. Kd1 (24. Ne4 a5 $14) 24... a5 $18) 23... Qc7 24. Qd6 (24. Rxc4 $6 Ba6 $18) 24... Qb7 25. Rb4 {[%emt 0:00:59] Repels Qb2} (25. Rxc4 Qb2 $18) 25... Qa6 26. Ra4 Qb7 27. Qb4 {[%emt 0:01:29] Against Qb2} (27. Rxc4 Qb2 $18) 27... Qc7 28. Qa5 Qe7 29. Rxc4 Qg5 30. Ne4 (30. Rxc6 $6 Re8 31. Ne2 (31. Bxa7 $2 Rxe5+ $19) 31... Qxg2 $18) 30... Qxg2 (30... Qg6 31. Qa3 (31. Bxa7 Qxg2 32. Qc5 Ba6 $18) 31... a5) 31. Qa3 $2 (31. Bxa7 Bxh3 32. Rf4 (32. Rf2 $2 Qg1+ 33. Kd2 Rfd8+ 34. Ke3 Qc1+ 35. Rd2 Rd7 $19) 32... Qh1+ 33. Kd2 Rfd8+ 34. Nd6 Rd7 35. Rxf7 Rxf7 36. Nxf7 Qg2+ 37. Kc3 Qf3+ 38. Kb2 Qxf7 $17) (31. Rg1 Qf3 32. e6 (32. Bxa7 Be6 $16)) 31... Qh2 {[%emt 0:03:35] [#]} (31... Rb8 32. Rb4 (32. Bxa7 $2 Rb1+ {[%mdl 64] Skewer}) 32... Rxb4 33. Qxb4 a5) 32. Nf6+ $1 gxf6 {[%emt 0:00:38] Black is weak on the dark squares} 33. Rg1+ ({And not} 33. Rxc6 Qxe5+ 34. Qe3 Qa5+ 35. Rc3 Bf5 $17) 33... Bg4 34. Rcxg4+ Kh8 35. Qg3 (35. R4g3 $142 Rg8 36. Qf3) 35... Qxg3 36. Bxg3 {[%emt 0:00:02] Threatening mate with Bh4.} Rae8 37. Rf1 {[%emt 0:00:26][%cal Og3h4] Bh4! is the strong threat.} fxe5 38. Rf6 c5 39. Rg5 Rg8 40. Rxg8+ Rxg8 (40... Kxg8 $142 41. Rf5 Kf8 42. Bxe5 Re6) 41. Bxe5 Re8 42. Re6+ {[%emt 0:00:07][%mdl 64] Discovered Attack. An interesting game.   Weighted Error Value: White=0.96/Black=0.92} ({Not} 42. Rxf7+ Rxe5+ 43. Kf2 a5 $14) 1-0

[Event "1st FIDE Olympiad DIS 2023"]
[Site "Belgrade"]
[Date "2023.02.04"]
[Round "6.4"]
[White "Sarkar, Ali Newaz"]
[Black "Gardner, Phillip K"]
[Result "1/2-1/2"]
[ECO "B50"]
[WhiteElo "1809"]
[BlackElo "1814"]
[Annotator "NA RC COMBH"]
[PlyCount "41"]
[EventDate "2023.01.30"]
[EventType "team-tourn"]
[EventCountry "SRB"]
[SourceTitle "playchess.com"]
[Source "ChessBase"]
[SourceQuality "1"]
[WhiteTeam "Bangladesh"]
[BlackTeam "England"]
[WhiteTeamCountry "BAN"]
[BlackTeamCountry "ENG"]
[TimeControl "40/5400+30:1800+30"]

1. e4 c5 2. Nf3 d6 3. h3 Nf6 4. Nc3 a6 5. a3 b5 6. d4 cxd4 7. Nxd4 Bb7 8. Bd3 $1 e6 9. Bg5 Nbd7 10. O-O Be7 11. Re1 Qc7 12. Nb3 O-O 13. Bf4 Rfd8 14. Rc1 e5 15. Bg5 h6 16. Bh4 Re8 17. Bg3 Nc5 18. Kh1 Ne6 19. Bf1 Nc5 (19... Nf4 $15 {is superior.}) 20. Bd3 Ncd7 (20... Rac8 $15) 21. Bf1 $15 1/2-1/2

[Event "1st FIDE Olympiad DIS 2023"]
[Site "Belgrade"]
[Date "2023.02.04"]
[Round "6.5"]
[White "Zambo, Zoltan Istvan"]
[Black "Mikheev, Stanislav"]
[Result "1/2-1/2"]
[ECO "D23"]
[WhiteElo "2301"]
[BlackElo "2300"]
[Annotator "TA"]
[PlyCount "38"]
[EventDate "2023.01.30"]
[EventType "team-tourn"]
[EventCountry "SRB"]
[SourceTitle "playchess.com"]
[Source "ChessBase"]
[SourceQuality "1"]
[WhiteTeam "Hungary"]
[BlackTeam "Serbia"]
[WhiteTeamCountry "HUN"]
[BlackTeamCountry "SRB"]
[TimeControl "40/5400+30:1800+30"]

1. d4 d5 2. Nf3 Nf6 3. c4 c6 4. Qb3 dxc4 5. Qxc4 Bf5 6. g3 e6 7. Bg2 Nbd7 8. O-O Be7 9. e3 O-O {[%emt 0:00:22] D23: Queen's Gambit Accepted: 3 Nf3 Nf6 sidelines.} 10. Qe2 h6 11. Rd1 Qc7 {[%emt 0:02:32] [#] White has an edge. 11...Bh7 injects fresh life into this line.} 12. Nbd2 $146 ({Predecessor:} 12. Nc3 Ne4 13. Bd2 Rad8 14. Rac1 Rfe8 15. Be1 Nxc3 16. Bxc3 Be4 17. Bf1 c5 18. Nd2 {1-0 Rapport,R (2700)-Dvirnyy,D (2534) Gibraltar Masters 16th 2018 (5)}) 12... e5 13. Nxe5 (13. e4 $5 Be6 14. b3 $14 (14. Nc4 Nxe4 15. Nfxe5 Nef6 $11)) 13... Nxe5 {[%emt 0:00:46] The position is equal.} 14. dxe5 Qxe5 15. Nf3 Qc7 16. Nd4 Bg6 17. b3 Rfe8 18. Bb2 Rad8 19. Rac1 Qa5 {[%emt 0:01:38] An uneventful encounter.   Weighted Error Value: White=0.07 (flawless) /Black=0.06 (flawless)} 1/2-1/2

[Event "1st FIDE Olympiad DIS 2023"]
[Site "Belgrade"]
[Date "2023.02.04"]
[Round "6.5"]
[White "Bjelanovic, Mile"]
[Black "Kevorkov, Artur"]
[Result "0-1"]
[ECO "C00"]
[WhiteElo "2021"]
[BlackElo "2158"]
[Annotator "TA"]
[PlyCount "66"]
[EventDate "2023.01.30"]
[EventType "team-tourn"]
[EventCountry "SRB"]
[SourceTitle "playchess.com"]
[Source "ChessBase"]
[SourceQuality "1"]
[WhiteTeam "Serbia"]
[BlackTeam "Germany"]
[WhiteTeamCountry "SRB"]
[BlackTeamCountry "GER"]
[TimeControl "40/5400+30:1800+30"]

1. e4 e6 2. d3 d5 3. Qe2 Nf6 4. Nf3 Be7 5. g3 c5 6. Bg2 Nc6 {[%emt 0:00:08] 6...0-0 is vanishing.} 7. O-O d4 {[%emt 0:01:26] C00: French: Unusual White 2nd moves.} 8. e5 Nd5 9. Nbd2 Qc7 {[%emt 0:00:41] The position is equal.} 10. a4 Bd7 11. Nc4 {[%emt 0:00:50] [#]} h6 $146 {[%emt 0:00:18] Dodges Bg5} ({Predecessor:} 11... a6 12. a5 O-O 13. Ng5 f6 14. exf6 Rxf6 15. Bxd5 exd5 16. Nb6 Re8 17. Nxd5 Qd6 18. Nxf6+ Bxf6 {1-0 Suliborski,A (1943)-Galbavy,D (1853) EU Amateur-ch 2016 (8)}) 12. Re1 Na5 (12... Nb6 $11) 13. Nfd2 (13. Bd2 $14 Nc6 14. Nh4) 13... Nxc4 14. Nxc4 {[%emt 0:00:08] Hoping for Bxd5.} Bc6 15. Bd2 b6 16. Rec1 O-O 17. Qg4 Kh8 18. Qh5 {[%emt 0:00:55][%cal Od2h6] Threatens to win with Bxh6!} Qd7 19. Be4 f5 {[%emt 0:02:05] [#]} (19... Nb4 $11) 20. exf6 $1 $16 Nxf6 21. Bxc6 Qxc6 22. Qe2 (22. Qh3 $16) 22... Nd7 23. Bf4 Rf6 24. Re1 Raf8 25. Rf1 (25. Qe4 $16 Rc8 26. Qxc6 Rxc6 27. Re4) 25... Rg6 26. Be5 Rf5 27. Rae1 a6 $1 (27... Qxa4 $2 28. Ra1 Qc6 29. Rxa7 $18) 28. f4 b5 29. axb5 axb5 30. Nd2 Nxe5 31. fxe5 Bg5 {[%emt 0:06:04] [#] And now ...Be3+ would win.} 32. Rxf5 ({White should play} 32. Qe4 $14 Qxe4 33. Nxe4 Rxe5 34. Rf8+ Kh7 35. Kg2) 32... exf5 $11 33. Qf3 Bxd2 {[%emt 0:00:53] Weighted Error Value: White=0.41/Black=0.21 (precise)} 0-1

[Event "1st FIDE Olympiad DIS 2023"]
[Site "Belgrade"]
[Date "2023.02.04"]
[Round "6.6"]
[White "Sargissyan, Sargis"]
[Black "Mate, Balazs"]
[Result "1-0"]
[ECO "B76"]
[WhiteElo "2221"]
[BlackElo "2015"]
[Annotator "TA"]
[PlyCount "113"]
[EventDate "2023.01.30"]
[EventType "team-tourn"]
[EventCountry "SRB"]
[SourceTitle "playchess.com"]
[Source "ChessBase"]
[SourceQuality "1"]
[WhiteTeam "Armenia"]
[BlackTeam "Hungary"]
[WhiteTeamCountry "ARM"]
[BlackTeamCountry "HUN"]
[TimeControl "40/5400+30:1800+30"]

1. e4 c5 2. Nf3 Nc6 3. d4 cxd4 4. Nxd4 g6 5. Nc3 Bg7 6. Be3 Nf6 7. Bc4 d6 8. f3 O-O 9. Bb3 Na5 {[%emt 0:01:47] B76: Sicilian Dragon: Yugoslav Attack, 9 g4 and 9 0-0-0.} 10. O-O b6 11. Qd2 Bb7 {[%emt 0:08:13] [#] The position is equal.} 12. Rad1 $146 ({Predecessor:} 12. a3 Rc8 13. Ba2 Nd7 14. Bh6 Bxh6 15. Qxh6 Rc5 16. g4 Ne5 17. Nce2 Nac4 18. b4 {0-1 Aljabri,S (1562)-Al Zadjali,A (1698) OMA-chT Clubs 2022 (3.3)}) 12... Rc8 13. Qf2 (13. Bh6 {feels hotter.} Qc7 14. Bxg7 Kxg7 15. Rfe1) 13... Nxb3 14. axb3 Qc7 15. Ncb5 Qb8 16. c4 a6 17. Nc3 Bc6 18. Nd5 Nxd5 19. cxd5 Bd7 20. Qd2 Qb7 21. Bh6 b5 22. Bxg7 Kxg7 23. h4 Qb6 {[%emt 0:09:47] [#]} 24. h5 $1 a5 25. Qe3 Qb7 26. h6+ Kg8 {[%emt 0:00:12] [#]} 27. Nf5 Bxf5 (27... gxf5 $2 28. Qg5+ Kh8 29. Qg7#) (27... Rce8 $5) 28. exf5 Rc7 29. f6 Re8 (29... exf6 $11 30. Qd4 Qa7) 30. Rfe1 $14 {[%emt 0:01:36] White is more active.} e5 $2 {[%emt 0:02:49] Prevents Qf4.} ({Black should try} 30... Qa7 $14) 31. dxe6 $18 {[%emt 0:00:26][%mdl 64] Discovered Attack} Rxe6 {[%emt 0:02:08] [#]} (31... fxe6 $142 32. Rxd6 Qa7 33. Qxa7 Rxa7) 32. Rxd6 $3 {[%emt 0:01:31][%mdl 576] Threatening mate with Rd8+. Deflection, Back Rank} Qc8 {[%emt 0:05:44][%cal Oe6e3] Wards off Rd8+} 33. Rxe6 fxe6 {[%emt 0:00:19][%mdl 4096] Endgame KQR-KQR} 34. Rd1 (34. Qxe6+ $6 Qxe6 35. Rxe6 Kf7 $18) 34... Kf7 35. Qd4 {[%emt 0:02:39] Against Rd7} (35. g4 $18) 35... Rc1 $11 36. Qa7+ Qc7 $1 37. Qd4 (37. Qxc7+ {simplifies} Rxc7 38. Ra1 Ra7 39. Rc1) 37... Rxd1+ 38. Qxd1 {[%emt 0:00:04] KQ-KQ} Qc5+ 39. Kf1 Kxf6 40. Qd8+ Qe7 41. Qxa5 Qd7 42. Qc3+ $1 Kg5 43. Qe3+ Kf6 {[%emt 0:01:04] [#]} ({Better is} 43... Kh5 $1 $14) 44. Qf4+ $1 $18 Ke7 45. Ke2 {[%emt 0:00:00] Prevents Qd3+} Qc6 46. Qb4+ Kf7 $2 (46... Kd7 47. Qd4+ Ke7) 47. Qc3 Qb6 48. Qg7+ Ke8 49. Qg8+ Ke7 50. Qxh7+ Kf6 51. Qg7+ {[%emt 0:00:00] White mates.} Kf5 52. h7 Qg1 53. Qf7+ (53. h8=R Qxg2+ 54. Kd3 (54. Ke3 Qg1+ 55. Kd3 Qf1+ 56. Ke3 Qg1+ 57. Kd3 Qf1+ 58. Ke3 Qg1+ $11) 54... Qf1+ 55. Ke3 Qg1+ 56. Kd3 Qf1+ 57. Ke3 Qg1+ 58. Ke2 Qg2+ 59. Kd3 (59. Ke3 Qg1+ $11) 59... Qf1+ $11) 53... Kg5 54. f4+ (54. h8=R Qxg2+ 55. Ke3 Qg1+ 56. Ke4 Qe1+ 57. Kd4 Qf2+ 58. Ke5 Qxb2+ 59. Kxe6 (59. Ke4 Qb1+ 60. Ke3 Qe1+ 61. Kd4 Qb4+ 62. Ke5 Qc3+ 63. Kxe6 Qxb3+ 64. Ke7 Qa3+ 65. Ke6 Qb3+ 66. Ke7 Qa3+ 67. Ke6 Qb3+ $11) 59... Qxb3+ 60. Ke7 Qa3+ 61. Ke6 Qb3+ 62. Ke7 Qa3+ 63. Ke6 Qb3+ $11) 54... Kg4 55. Qxg6+ (55. h8=R Qxg2+ 56. Ke1 Qg1+ 57. Ke2 Qg2+ 58. Kd3 Qd5+ 59. Kc3 Qc5+ 60. Kd3 Qd5+ 61. Ke3 Qf3+ 62. Kd4 Qd5+ 63. Ke3 (63. Kc3 Qc5+ 64. Kd2 Qd4+ 65. Kc1 Qe3+ 66. Kd1 Qf3+ 67. Ke1 Qe3+ 68. Kf1 Qf3+ 69. Kg1 Qe3+ 70. Kg2 Qe4+ 71. Kf2 Qf3+ 72. Kg1 Qe3+ 73. Kg2 Qe4+ 74. Kf1 Qf3+ 75. Kg1 $11) 63... Qf3+ 64. Kd4 Qd5+ 65. Ke3 $11 (65. Kc3 Qc5+ 66. Kd3 Qd5+ $11)) 55... Kxf4 56. Qf6+ ({Inferior is} 56. h8=R Qe3+ 57. Kf1 (57. Kd1 Qd4+ 58. Ke1 Qe3+ 59. Kf1 Qc1+ 60. Kf2 Qe3+ 61. Kf1 Qc1+ 62. Kf2 Qe3+ 63. Kf1 $11) 57... Qc1+ 58. Ke2 Qe3+ 59. Kf1 (59. Kd1 Qd4+ 60. Ke2 Qe3+ $11) 59... Qc1+ 60. Ke2 Qe3+ $11) 56... Kg4 57. Qf3+ {[%emt 0:00:00] Artfully played by Sargissyan.   Weighted Error Value: White=0.17 (very precise) /Black=0.47} 1-0

[Event "1st FIDE Olympiad DIS 2023"]
[Site "Belgrade"]
[Date "2023.02.04"]
[Round "6.6"]
[White "Koessler, Wolfgang"]
[Black "Mitrovic, Stefan"]
[Result "0-1"]
[ECO "C18"]
[WhiteElo "1746"]
[BlackElo "1807"]
[Annotator "NA RC COMBH"]
[PlyCount "138"]
[EventDate "2023.01.30"]
[EventType "team-tourn"]
[EventCountry "SRB"]
[SourceTitle "playchess.com"]
[Source "ChessBase"]
[SourceQuality "1"]
[WhiteTeam "Germany"]
[BlackTeam "Serbia"]
[WhiteTeamCountry "GER"]
[BlackTeamCountry "SRB"]
[TimeControl "40/5400+30:1800+30"]

1. e4 e6 2. d4 d5 3. Nc3 Bb4 4. e5 c5 5. a3 Ba5 6. b4 cxd4 7. Nb5 Bc7 8. f4 Bd7 9. Nf3 Nc6 10. Bd3 a6 11. Nxc7+ Qxc7 12. Bb2 Nge7 13. Qe2 h6 14. O-O Nf5 15. Bxf5 exf5 16. Qf2 Rc8 17. Rac1 O-O 18. Nxd4 Nxd4 19. Bxd4 Qc4 20. Rfd1 Rfe8 21. Bc5 Re6 22. Rd4 Qa2 23. c4 Qxa3 24. Rcd1 Rg6 25. cxd5 b6 26. Bd6 Bb5 27. R4d2 Rc3 28. Qxb6 Rc1 29. Qf2 Ba4 30. Re1 Bb5 31. Rdd1 Rc3 32. Bc5 Rf3 33. Qd2 Rd3 34. Qc1 Qa2 35. Bf2 Qxd5 36. g3 Bc6 37. Kf1 Qg2+ 38. Ke2 Rxd1 39. Rxd1 Bf3+ 40. Ke1 Qh1+ 41. Kd2 Qxd1+ 42. Qxd1 Bxd1 43. Kxd1 Kf8 44. Kc2 Ke7 45. Kb3 Kd7 46. Ka4 Kc6 47. Ka5 Kb7 48. Bc5 Rg4 49. Bf2 h5 50. b5 axb5 51. Kxb5 Kc7 52. Kc5 Kd7 53. Kd4 h4 54. Ke3 h3 55. Kf3 Ke6 56. Bb6 Rg6 57. Bd8 Kd5 58. Bg5 Rb6 59. Bd8 Rb3+ 60. Kf2 Ke4 61. Ba5 Rb2+ 62. Kg1 Rg2+ 63. Kh1 Ra2 64. Bb6 Ra1+ 65. Bg1 Kf3 66. g4 Kxg4 67. e6 Rxg1+ 68. Kxg1 fxe6 69. Kf2 Kxf4 0-1